 Dungeon Sprint DCSS version 0.23-a0-899-gbbae0a3 (webtiles) character file.

Game seed: 7648336056319704902

5932 Ghella the Impaler (level 10, -13/89 HPs)
             Began as a Merfolk Fighter on Jan 30, 2019.
             Was the Champion of Qazlal.
             Mangled by a very large slime creature (52 damage)
             ... in the Dungeon (Sprint V: "Ziggurat Sprint").
             The game lasted 00:13:32 (1008 turns).

Ghella the Impaler (Merfolk Fighter)                Turns: 1008, Time: 00:13:32

Health: -13/89     AC: 25    Str: 28    XL:     10   Next: 83%
Magic:  22/23      EV: 10    Int:  8    God:    Qazlal [******]
Gold:   0          SH:  0    Dex: 15    Spells: 9/9 levels left

rFire    + + .     SeeInvis .   y - +8 lance "Wyrmbane" {slay drac, rPois rF+ rC+ AC+3}
rCold    + . .     Gourm    .   x - +5 shield of Zaser {rN++ Str-3}
rNeg     + + .     Faith    .   H - +5 ring mail of the Other World {rF+}
rPois    +         Spirit   .   (no helmet)
rElec    .         Reflect  .   N - +2 cloak of Ysuff {MP+9}
rCorr    .         Harm     .   I - +2 pair of gloves {Dex+3}
MR       .....     NoTele   +   S - +0 pair of boots {run}
Stlth    ..........             (no amulet)
HPRegen  0.24/turn              C - +6 ring of strength
MPRegen  0.18/turn              D - +6 ring of strength

@: confused, protected from physical damage, studying Polearms, repel missiles,
quick
A: change form in water, swift swim, stealthy swim, clumsy 1
a: Upheaval, Elemental Force, Disaster Area, Renounce Religion


You were in the Dungeon.
You worshipped Qazlal.
Qazlal was exalted by your worship.
You were not hungry.

You visited 1 branch

Inventory:

Hand Weapons
 a - a +0 trident
 o - the +6 spear of Caiptas {chaos, *Corrode +Fly Int+7}
   (You found it in the Dungeon)

   Each time it hits an enemy it has a different, random effect.
   It affects your intelligence (+7).
   It lets you fly.
   It may corrode you when you take damage.
 y - the +8 lance "Wyrmbane" (weapon) {slay drac, rPois rF+ rC+ AC+3}
   (You found it in the Dungeon)

   It affects your AC (+3).
   It protects you from fire.
   It protects you from cold.
   It protects you from poison.
Armour
 w - +5 gold dragon scales
 x - the +5 shield of Zaser (worn) {rN++ Str-3}
   (You found it in the Dungeon)

   It affects your strength (-3).
   It greatly protects you from negative energy.
 H - the +5 ring mail of the Other World (worn) {rF+}
   (You found it in the Dungeon)

   It protects you from fire.
 I - a +2 pair of gloves of dexterity (worn)
 N - the +2 cloak of Ysuff (worn) {MP+9}
   (You found it in the Dungeon)

   It affects your magic capacity (+9).
 S - a +0 pair of boots of running (worn)
Jewellery
 b - an uncursed ring of magical power
 c - a +6 ring of dexterity
 z - a +6 ring of dexterity
 A - a +6 ring of intelligence
 B - a +6 ring of intelligence
 C - a +6 ring of strength (left hand)
 D - a +6 ring of strength (right hand)
 J - an uncursed ring of protection from magic
 P - the ring of Vacuf {MP+9 Dex+2}
   (You found it in the Dungeon)

   [ring of magical power]

   It affects your dexterity (+2).
   It affects your magic capacity (+9).
 Q - an uncursed ring of protection from fire
 R - the cursed ring of Esa Ysih {EV-5 Str+5 Dex+2 Stlth+}
   (You found it in the Dungeon)

   [ring of evasion]

   It affects your evasion (-5).
   It affects your strength (+5).
   It affects your dexterity (+2).
   It makes you more stealthy.
   It has a curse placed upon it.
 U - an uncursed ring of ice
 V - a +3 ring of strength
Wands
 E - a wand of disintegration (7)
 F - a wand of iceblast (7)
 G - a wand of acid (7)
 L - a wand of flame (12)
Scrolls
 k - 4 scrolls of blinking
 q - 4 scrolls of amnesia
 r - 7 scrolls of fog
 s - a scroll of holy word
 t - 5 scrolls of identify
 u - 5 scrolls of remove curse
 v - 2 scrolls of fear
 T - 4 scrolls of enchant weapon
Potions
 d - 6 potions of might
 e - 11 potions of curing
 g - 10 potions of heal wounds
 h - 6 potions of haste
 i - 7 potions of magic
 j - a potion of berserk rage
 l - 2 potions of brilliance
 m - 2 potions of invisibility
 n - 4 potions of resistance
 p - 5 potions of agility
 M - a potion of flight {unknown}
Books
 O - a manual of Polearms
Miscellaneous
 K - a phial of floods
Comestibles
 f - 7 rations


   Skills:
 + Level 12.2 Fighting
 + Level 17.5 Polearms
 + Level 7.8 Armour
 + Level 15.8 Shields
 + Level 6.4 Invocations


You had 9 spell levels left.
You didn't know any spells.
Your spell library was empty.

Dungeon Overview and Level Annotations

Branches:
Dungeon (1/1)

Altars:
Ashenzari
Cheibriados
Dithmenos
Elyvilon
Fedhas
Gozag
Hepliaklqana
Kikubaaqudgha
Makhleb
Nemelex Xobeh
Okawaru
Qazlal
Ru
Sif Muna
Trog
Uskayaw
Vehumet
Wu Jian
Xom
Yredelemnul
Zin
The Shining One
Beogh
Jiyva
Lugonu

Annotations:
D 1 transporter


Innate Abilities, Weirdness & Mutations

You revert to your normal form in water You are very nimble and swift while swimming.
You are very stealthy in the water. (Stealth+)
You are clumsy. (Dex -2)


Message History

The great orb of eyes bites you!
You feel more protected from physical attacks.
The slime creature is engulfed in freezing vapours.
The slime creature hits you but does no damage.
You puncture the great orb of eyes!
The great orb of eyes is lightly wounded.
You barely miss the slime creature.
The slime creature is severely wounded.
The slime creature is engulfed in blazing flames.
The slime creature closely misses you. The great orb of eyes misses you.
The slime creature is engulfed in freezing vapours.
The slime creature hits you!
You feel more protected from physical attacks.
You barely miss the slime creature.
The slime creature is almost dead.
The golden eye blinks at you.
You are more confused.
The very large slime creature hits you!!!
Ouch! That really hurt!
You die...

▓..)))|)..▓...:|)...▓
▓..)))[)..▓...":)...▓
▓.........▓....))...▓
▓.........▓.........▓
▓.........▓.........▓
▓.........▓......)..▓
▓....☼G...▓.▓..)).▓.▓
▓...JGJ°..▓....©....▓
▓...G@J°..▓▓▓▓▓▓▓▓▓▓▓
▓▓▓▓▓▓▓▓▓▓▓


You could see a great orb of eyes, a very large slime creature, 2 slime
creatures, a shining eye and a golden eye.

Vanquished Creatures
  A deep elf annihilator (D)
  2 dancing weapons (D)
  A deep elf knight (D)
  2 deep elf archers (D)
  A deep elf mage (D)
  4 merfolk (D)
  A jumping spider (D)
  A hippogriff (D)
  An air elemental (D)
  Sigmund (D)
  A water elemental (D)
  2 spriggans (D)
  A golden eye (D)
  A water moccasin (D)
  Duvessa (D)
  2 necrophages (D)
  2 orc warriors (D)
  A wolf (D)
  A centaur (D)
  Blork the orc (D)
  Dowan (D)
  3 scorpions (D)
  A wight (D)
  2 quasits (D)
  An iron imp (D)
  2 orc priests (D)
  3 orc wizards (D)
  Crazy Yiuf (D)
  Jessica (D)
  2 adders (D)
  A white imp (D)
  An ufetubus (D)
  An ooze (D)
  An adder zombie (D)
  An adder skeleton (D)
  A ball python (D)
  A bat skeleton (D)
  2 bat zombies (D)
  A giant cockroach zombie (D)
  A leopard gecko skeleton (D)
56 creatures vanquished.

Notes
Turn   | Place    | Note
-------+----------+-------------------------------------------
     0 | D        | Found the +6 Majin-Bo {vamp, Archmagi MP+6 Int+6}
     0 | D        | Found the +7 great mace "Firestarter" {inner flame, rF++}
     0 | D        | Ghella the Merfolk Fighter began the quest for the Orb.
     0 | D        | Reached XP level 1. HP: 18/18 MP: 1/1
     0 | D        | Found a deep blue altar of Sif Muna.
     0 | D        | Found a bloodstained altar of Trog.
     0 | D        | Found a sacrificial altar of Ru.
     0 | D        | Found a stormy altar of Qazlal.
     0 | D        | Found an iron altar of Okawaru.
     2 | D        | Found a sparkling altar of Nemelex Xobeh.
     3 | D        | Found an ancient bone altar of Kikubaaqudgha.
     3 | D        | Found a transporter.
     3 | D        | Found a corrupted altar of Lugonu.
     3 | D        | Found a viscous altar of Jiyva.
     3 | D        | Found a burning altar of Makhleb.
     3 | D        | Found a hazy altar of Hepliaklqana.
     3 | D        | Found an opulent altar of Gozag.
    10 | D        | Found a blossoming altar of Fedhas.
    58 | D        | Found the +9 heavy crossbow "Sniper" {velocity, Acc+∞ SInv}
    58 | D        | Found the +10 dark maul {crush}
    58 | D        | Found the +15 Maxwell's patent armour {-Cast -Tele rElec
                  | MR+ rCorr}
    58 | D        | Found the cursed +14 obsidian axe {chop, +Fly SInv *Curse}
    58 | D        | Got the +5 shield of Zaser {rN++ Str-3}
    60 | D        | Found the +6 shillelagh "Devastator" {shatter}
    60 | D        | Found the +11 plutonium sword {*Contam Stlth-}
    60 | D        | Found the +8 lance "Wyrmbane" {slay drac, rPois rF+ rC+
                  | AC+3}
    60 | D        | Found the +9 sword of Zonguldrok {reap}
    60 | D        | Found the cursed +13 scythe of Curses {drain, *Curse}
    60 | D        | Found the +0 sword of Power
    60 | D        | Found the +7 mace of Variability {chain chaos}
    60 | D        | Found the +7 Singing Sword {slice, sonic wave}
    60 | D        | Found the +7 longbow "Piercer" {penet, EV-2}
   101 | D        | Reached skill level 6 in Polearms
   101 | D        | Reached skill level 5 in Shields
   101 | D        | Reached XP level 2. HP: 24/24 MP: 2/2
   118 | D        | Became a worshipper of Qazlal Stormbringer
   131 | D        | Entered arena 2.
   131 | D        | Found a transporter.
   153 | D        | Got the +6 spear of Caiptas {chaos, *Corrode +Fly Int+7}
   156 | D        | Got the +5 ring mail of the Other World {rF+}
   171 | D        | Entered arena 3.
   171 | D        | Noticed a spriggan
   171 | D        | Noticed a spriggan
   171 | D        | Noticed a wolf
   171 | D        | Found a transporter.
   175 | D        | Killed a wolf
   175 | D        | Reached * piety under Qazlal
   175 | D        | Reached skill level 5 in Fighting
   175 | D        | Reached skill level 7 in Polearms
   175 | D        | Reached XP level 3. HP: 33/33 MP: 3/3
   175 | D        | Reached XP level 4. HP: 39/39 MP: 4/4
   182 | D        | Killed a spriggan
   182 | D        | Reached skill level 8 in Polearms
   182 | D        | Reached skill level 5 in Armour
   182 | D        | Reached XP level 5. HP: 47/47 MP: 5/5
   182 | D        | Reached XP level 6. HP: 53/53 MP: 6/6
   185 | D        | Killed a spriggan
   185 | D        | Reached skill level 9 in Polearms
   330 | D        | Entered arena 4.
   330 | D        | Noticed a water moccasin
   330 | D        | Found a transporter.
   336 | D        | Killed a water moccasin
   336 | D        | Reached ** piety under Qazlal
   336 | D        | Reached skill level 10 in Polearms
   336 | D        | Reached XP level 7. HP: 63/63 MP: 7/7
   353 | D        | Entered arena 5.
   353 | D        | Noticed a jumping spider
   353 | D        | Found a transporter.
   360 | D        | Reached *** piety under Qazlal
   373 | D        | Reached skill level 11 in Polearms
   379 | D        | Killed a jumping spider
   379 | D        | Reached skill level 10 in Shields
   379 | D        | Reached XP level 8. HP: 69/71 MP: 8/8
   390 | D        | Entered arena 6.
   390 | D        | Found a transporter.
   401 | D        | Reached **** piety under Qazlal
   416 | D        | Reached ***** piety under Qazlal
   416 | D        | Reached skill level 12 in Polearms
   435 | D        | Entered arena 7.
   435 | D        | Noticed a hippogriff
   435 | D        | Noticed a merfolk
   435 | D        | Noticed a merfolk
   435 | D        | Noticed a merfolk
   435 | D        | Noticed a merfolk
   448 | D        | Killed a hippogriff
   450 | D        | Found a transporter.
   452 | D        | Killed a merfolk
   452 | D        | Reached skill level 10 in Fighting
   452 | D        | Reached skill level 13 in Polearms
   452 | D        | Reached skill level 1 in Invocations
   456 | D        | Killed a merfolk
   461 | D        | Killed a merfolk
   461 | D        | Reached XP level 9. HP: 21/79 MP: 1/10
   468 | D        | Killed a merfolk
   468 | D        | Reached skill level 14 in Polearms
   749 | D        | Entered arena 8.
   749 | D        | Noticed Sigmund
   749 | D        | Noticed Jessica
   749 | D        | Noticed Blork the orc
   749 | D        | Noticed Crazy Yiuf
   749 | D        | Noticed Dowan
   749 | D        | Noticed Duvessa
   752 | D        | Killed Jessica
   758 | D        | Killed Crazy Yiuf
   760 | D        | Killed Duvessa
   761 | D        | Found a transporter.
   763 | D        | Killed Dowan
   767 | D        | Killed Blork the orc
   768 | D        | Killed Sigmund
   802 | D        | Got the +2 cloak of Ysuff {MP+9}
   817 | D        | Entered arena 9.
   821 | D        | Found a transporter.
   828 | D        | Reached ****** piety under Qazlal
   838 | D        | Reached skill level 15 in Polearms
   862 | D        | Entered arena 10.
   863 | D        | Found a transporter.
   889 | D        | Got the ring of Vacuf {MP+9 Dex+2}
   894 | D        | Got the cursed ring of Esa Ysih {EV-5 Str+5 Dex+2 Stlth+}
   902 | D        | Identified a +0 pair of boots of running (You found it in
                  | the Dungeon)
   933 | D        | Entered arena 11.
   933 | D        | Noticed a deep elf archer
   933 | D        | Noticed a deep elf knight
   933 | D        | Noticed a deep elf mage
   933 | D        | Noticed a +6 hand axe of flaming
   933 | D        | Noticed a deep elf archer
   933 | D        | Noticed a deep elf annihilator
   933 | D        | Noticed a +2 halberd of chopping
   934 | D        | Found the +2 Maxwell's thermic engine {flame, freeze}
   934 | D        | Killed a +2 halberd of chopping
   934 | D        | Reached XP level 10. HP: 88/88 MP: 13/13
   935 | D        | Killed a deep elf knight
   935 | D        | Reached skill level 16 in Polearms
   936 | D        | Killed a +6 hand axe of flaming
   936 | D        | Reached skill level 15 in Shields
   936 | D        | Reached skill level 5 in Invocations
   942 | D        | Killed a deep elf archer
   945 | D        | Killed a deep elf annihilator
   945 | D        | Reached skill level 17 in Polearms
   947 | D        | Killed a deep elf archer
   948 | D        | Found a transporter.
   956 | D        | Killed a deep elf mage
   990 | D        | Entered arena 12.
   990 | D        | Noticed a great orb of eyes
   990 | D        | Noticed a shining eye
   991 | D        | Gained mutation: You are clumsy. (Dex -2) [a shining eye]
   994 | D        | Found a transporter.
  1008 | D        | Mangled by a very large slime creature

Vault maps used:
D:        sprint_v

Skill      XL: |  1  2  3  4  5  6  7  8  9 10 |
---------------+-------------------------------+-----
Polearms       | 6 7 8 10 11 13 15 17 | 17.5
Armour         | 3 4 5 6 7 |  7.8
Shields        | 5 6 7 9 10 12 14 15 | 15.8
Fighting       | 5 6 8 9 10 11 12 | 12.2
Invocations    | 1 4 6 |  6.4

Action                   |  1- 3 |  4- 6 |  7- 9 | 10-12 || total
-------------------------+-------+-------+-------+-------++-------
Melee: Lance             |    10 |    14 |   106 |    26 ||   156
Invok: Upheaval          |       |       |     6 |     2 ||     8
  Use: Potion            |     2 |       |     1 |       ||     3
Armor: Scale mail        |     2 |       |       |       ||     2
       Ring mail         |     1 |     4 |    22 |     7 ||    34
Dodge: Dodged            |     4 |     2 |    18 |     7 ||    31
       Deflected         |       |       |     3 |     1 ||     4
Block: Shield            |     9 |    11 |   141 |     8 ||   169

Table legend:
 A = Non-vault XP
 B = Vault XP
 C = Vault XP percentage of total XP
 D = Non-vault monster count
 E = Vault monster count
 F = Vault count percentage of total count
                 A         B        C        D         E       F
            +---------+---------+-------+---------+---------+-------
      Total |       0 |    8465 | 100.0 |       0 |      56 | 100.0
            +---------+---------+-------+---------+---------+-------
          D |       0 |    8465 | 100.0 |       0 |      56 | 100.0
            +---------+---------+-------+---------+---------+-------
